 Dungeon Crawl Stone Soup version 0.24-a0-462-ge24419a (webtiles) character file.

Game seed: 8061139188525204292

1481 RagdollRavenno the Fighter (level 8, 0/97 HPs)
             Began as an Ogre Hunter on July 1, 2019.
             Slain by a sky beast (5 damage)
             ... on level 7 of the Dungeon.
             The game lasted 00:13:55 (6118 turns).

RagdollRavenno the Fighter (Ogre Hunter)            Turns: 6118, Time: 00:13:55

Health: 0/97       AC:  5    Str: 21    XL:     8   Next: 79%
Magic:  13/13      EV: 10    Int: 12    God:
Gold:   0          SH:  0    Dex: 11    Spells: 14/14 levels left

rFire    . . .     SeeInvis .   a - +2 great sword
rCold    . . .     Gourm    .   (shield currently unavailable)
rNeg     . . .     Faith    .   b - +0 robe
rPois    +         Spirit   .   (helmet restricted)
rElec    .         Reflect  .   h - +1 cloak
rCorr    .         Harm     .   (gloves unavailable)
MR       +....                  (boots unavailable)
Stlth    +.........             r - amulet of rage
HPRegen  0.26/turn              j - +4 ring of strength
MPRegen  0.13/turn              z - ring of protection from magic

@: berserk cooldown, slowed, heavily drained, very slow
A: large, unfitting armour, poison resistance, robust 1, tough skin 1
a: Evoke Berserk Rage


You were on level 7 of the Dungeon.
You were near starving.

You visited 1 branch of the dungeon, and saw 8 of its levels.

Inventory:

Hand Weapons
 a - a +2 great sword (weapon)
 i - a +0 quarterstaff
Missiles
 e - 29 stones (quivered)
 q - 4 large rocks
Armour
 b - a +0 robe (worn)
 h - a +1 cloak (worn)
Jewellery
 j - a +4 ring of strength (left hand)
 m - an uncursed ring of positive energy
 r - an amulet of rage (around neck)
 z - a ring of protection from magic (right hand)
Wands
 t - a wand of polymorph (5)
 v - a wand of enslavement (8)
 C - a wand of iceblast (10)
Scrolls
 k - 3 scrolls of teleportation
 o - a scroll of magic mapping
 u - a scroll of remove curse
 w - a scroll of identify
Potions
 g - a potion of heal wounds
 n - a potion of degeneration {unknown}
 s - 3 potions of ambrosia
 x - a potion of curing
 D - a potion of magic {unknown}
Comestibles
 f - 11 rations


   Skills:
 * Level 8.5(6.0) Fighting
 * Level 6.9(4.5) Throwing
 * Level 5.2(2.9) Dodging
 - Level 1.0(0.0) Stealth
 * Level 3.5(1.3) Spellcasting


You had 14 spell levels left.
You didn't know any spells.
Your spell library was empty.

Dungeon Overview and Level Annotations

Branches:
Dungeon (8/15)
 Temple: D:4-7         Lair: D:8-11

Altars:
Ashenzari
Cheibriados
Dithmenos
Qazlal
Ru
Sif Muna
Trog
Uskayaw
Wu Jian

Shops:
D:4 [%}

Annotations:
D:8 Maurice


Innate Abilities, Weirdness & Mutations

You are too large for most types of armour.
You have tough skin. (AC +1)
Your system is resistant to poisons. (rPois)
You are robust. (+10% HP)


Message History

The sky beast hits you but does no damage.
The sky beast flickers out of sight!
Deactivating autopickup; reactivate with Ctrl-A.
Something hits you but does no damage.
You feel much better. Something hits you.
* * * LOW HITPOINT WARNING * * *
Something shocks you.
* * * LOW HITPOINT WARNING * * *
You hit something. Something hits you.
* * * LOW HITPOINT WARNING * * *
Something shocks you.
* * * LOW HITPOINT WARNING * * *
Something hits you.
* * * LOW HITPOINT WARNING * * *
Something shocks you.
* * * LOW HITPOINT WARNING * * *
Something hits you.
* * * LOW HITPOINT WARNING * * *
Something shocks you.
You die...

### #.## ###..####
#.......#####
##...#...##.##
##..#.##....# ###.#.......#
###...#....@.##
######.#..##.######
.##.......##..#
........#.....##
.......###.##..###
.......#######...#
.........## ##..## #####
..........# #....####...##
..........####...##..#....#


There were no monsters in sight!

Vanquished Creatures
  A wyvern (D:8)
  An ice beast (D:5)
  A centaur (D:7)
  2 bullfrogs
  5 wights (D:6)
  A howler monkey (D:5)
  2 crimson imps
  A hound (D:4)
  6 orc wizards
  3 iguanas
  Terence (D:3)
  5 worker ants
  2 hound skeletons (D:7)
  6 gnolls (D:2)
  7 adders
  3 oozes
  An adder skeleton (D:4)
  2 dart slugs
  4 leopard geckos
  18 orcs
  A ball python (D:3)
  8 giant cockroaches
  10 goblins
  11 hobgoblins
  13 jackals
  4 quokkas
  2 bats
  5 frilled lizards
  A jackal skeleton (D:5)
  7 kobolds
  A leopard gecko skeleton (D:4)
  A quokka zombie (D:5)
  8 rats
144 creatures vanquished.

Notes
Turn   | Place    | Note
-------+----------+-------------------------------------------
     0 | D:1      | RagdollRavenno the Ogre Hunter began the quest for the Orb.
     0 | D:1      | Reached XP level 1. HP: 22/22 MP: 1/1
    52 | D:1      | Reached XP level 2. HP: 26/29 MP: 2/2
    54 | D:1      | You fall into a shaft and drop 1 floor!
   516 | D:1      | Reached XP level 3. HP: 27/36 MP: 3/3
   933 | D:1      | Gained mutation: You are robust. (+10% HP) [potion of
                  | mutation]
   933 | D:1      | Gained mutation: You evolve. [potion of mutation]
   933 | D:1      | Gained mutation: Your system is resistant to poisons.
                  | (rPois) [potion of mutation]
   986 | D:2      | Found a bloodstained altar of Trog.
  1012 | D:2      | Reached skill level 3 in Fighting
  1012 | D:2      | Reached skill level 1 in Stealth
  1018 | D:2      | Reached skill level 5 in Throwing
  1018 | D:2      | Reached XP level 4. HP: 20/49 MP: 4/4
  1168 | D:2      | Found a snail-covered altar of Cheibriados.
  1277 | D:2      | Reached skill level 1 in Spellcasting
  1379 | D:2      | Reached XP level 5. HP: 52/58 MP: 6/6
  1691 | D:3      | Noticed Terence
  1742 | D:3      | Killed Terence
  1758 | D:3      | Reached skill level 4 in Fighting
  1991 | D:3      | Reached XP level 6. HP: 66/68 MP: 8/8
  2446 | D:3      | Found an ornate altar of the Wu Jian Council.
  2446 | D:3      | Found a sacrificial altar of Ru.
  2455 | D:3      | Found a shattered altar of Ashenzari.
  2455 | D:3      | Found a deep blue altar of Sif Muna.
  2835 | D:4      | Found Eppiuleq's Antique Armour Shop.
  2963 | D:4      | Reached skill level 5 in Fighting
  3069 | D:4      | Reached XP level 7. HP: 21/79 MP: 10/10
  3300 | D:4      | Lost mutation: You evolve. [end of evolution]
  3327 | D:4      | Found a hide-covered altar of Uskayaw.
  3331 | D:4      | Found a bloodstained altar of Trog.
  3332 | D:4      | Found a shadowy altar of Dithmenos.
  3332 | D:4      | Found a stormy altar of Qazlal.
  3401 | D:4      | Found Iteniv's Gadget Emporium.
  3478 | D:4      | Found Nudobe's Food Shoppe.
  3927 | D:5      | Entered Level 5 of the Dungeon
  4053 | D:5      | Reached skill level 6 in Fighting
  4855 | D:6      | Reached XP level 8. HP: 53/92 MP: 12/12
  4862 | D:6      | Reached skill level 7 in Fighting
  5521 | D:7      | Reached skill level 8 in Fighting
  5894 | D:7      | Reached skill level 5 in Dodging
  6074 | D:8      | Noticed Maurice
  6075 | D:8      | Noticed a wyvern
  6091 | D:8      | Killed a wyvern
  6118 | D:7      | Slain by a sky beast

Levels and vault maps discovered:
D:1:      erik_arrival_gehennom, layout_loops_ring, grunt_decor_fettered
D:2:      layout_loops_ring, cheibriados_altar_1, lemuel_tele_altar
D:3:      layout_loops_ring, grunt_temple_overflow_cloverleaf, uniq_terence
D:4:      layout_loops_ring, grunt_temple_overflow_open,
          minmay_temple_entry_from_below_b, serial_shops, shop_fountains,
          nicolae_shop_waterfront, nicolae_shop_waterfront
D:5:      layout_basic, first_ration, chequers_serial_rivers_micro_d,
          chequers_serial_rivers_small_b
D:6:      layout_rooms
D:7:      minmay_klotski, layout_cave_pools
D:8:      layout_basic, uniq_maurice, uniq_harold

Skill      XL: |  1  2  3  4  5  6  7  8 |
---------------+-------------------------+-----
Dodging        | 2 3 4 5 |  5.2
Fighting       | 3 4 5 6 8 |  8.5
Stealth        | 1 |  1.0
Throwing       | 5 6 |  6.9
Spellcasting   | 1 2 3 |  3.5

Action                   |  1- 3 |  4- 6 |  7- 9 || total
-------------------------+-------+-------+-------++-------
Melee: Short sword       |    69 |   153 |    59 ||   281
       Hand axe          |    33 |     7 |       ||    40
       Quarterstaff      |       |    56 |    34 ||    90
       Staff             |       |       |     1 ||     1
       Great sword       |       |       |    90 ||    90
Throw: Stone             |     3 |    54 |    11 ||    68
       Large rock        |       |    13 |    14 ||    27
       Throwing net      |       |     1 |     3 ||     4
 Abil: Evoke Berserk Rag |       |     2 |     1 ||     3
  Use: Potion            |     2 |       |     6 ||     8
       Scroll            |     1 |     4 |     6 ||    11
 Stab: Sleeping          |     1 |     1 |       ||     2
  Eat: Chunk             |       |     9 |     3 ||    12
       Ration            |       |       |     2 ||     2
Armor: Robe              |    22 |    63 |    53 ||   138
       Skin              |       |       |    11 ||    11
Dodge: Dodged            |    55 |   106 |   126 ||   287
       Rpst.: Great sword |       |       |    30 ||    30

Table legend:
 A = Non-vault XP
 B = Vault XP
 C = Vault XP percentage of total XP
 D = Non-vault monster count
 E = Vault monster count
 F = Vault count percentage of total count
                 A         B        C        D         E       F
            +---------+---------+-------+---------+---------+-------
      Total |    2062 |      54 |   2.6 |     138 |       6 |   4.2
            +---------+---------+-------+---------+---------+-------
        D:1 |      34 |      18 |  34.6 |      19 |       5 |  20.8
        D:2 |     153 |       0 |   0.0 |      28 |       0 |   0.0
        D:3 |     137 |      36 |  20.8 |      26 |       1 |   3.7
        D:4 |     374 |       0 |   0.0 |      27 |       0 |   0.0
        D:5 |     232 |       0 |   0.0 |       8 |       0 |   0.0
        D:6 |     431 |       0 |   0.0 |      11 |       0 |   0.0
        D:7 |     491 |       0 |   0.0 |      18 |       0 |   0.0
        D:8 |     210 |       0 |   0.0 |       1 |       0 |   0.0
            +---------+---------+-------+---------+---------+-------
